 Dungeon Crawl Stone Soup version 0.16-a0-3389-g45633df (webtiles) character file.

1637 Herrn the Skirmisher (level 8, -2/53 HPs)
             Began as a Gargoyle Fighter on Dec 30, 2014.
             Was a Follower of Okawaru.
             Slain by an orc warrior
             ... wielding a +0 halberd
              (9 damage)
             ... on level 6 of the Dungeon.
             The game lasted 00:18:32 (6629 turns).

Herrn the Skirmisher (Gargoyle Fighter)             Turns: 6629, Time: 00:18:32

Health: -2/53      AC: 16    Str: 21    XL:     8   Next: 98%
Magic:  7/8        EV:  9    Int: 10    God:    Okawaru [*.....]
Gold:   285        SH:  0    Dex:  9    Spells: 0 memorised, 7 levels left

rFire  . . .     SeeInvis +     a - +0 war axe
rCold  . . .     Clarity  .     e - +0 chain mail
rNeg   + . .     SustAb   .     c - +0 shield
rPois  ∞         Gourm    .     (no helmet)
rElec  +         Spirit   .     (no cloak)
rCorr  .         Warding  .     (no gloves)
rMut   .         Stasis   .     (no boots)
MR     .....                    (no amulet)
Stlth  ..........               (no ring)
                                h - ring of see invisible

@: confused, heroism, not resistant to hostile enchantments, extremely
unstealthy
A: negative energy resistance 1, electricity resistance, unbreathing,
petrification resistance, rot immunity, AC +5
a: Heroism, Renounce Religion


You were on level 6 of the Dungeon.
You worshipped Okawaru.
Okawaru was aware of your devotion.
You were not hungry.

You visited 2 branches of the dungeon, and saw 7 of its levels.
You also visited: Sewer.

You collected 285 gold pieces.

Inventory:

Hand weapons
 a - a +0 war axe (weapon)
Armour
 c - a +0 shield (worn)
 e - a +0 chain mail (worn)
Jewellery
 h - a ring of see invisible (left hand)
 r - an uncursed ring of ice
 x - an uncursed amulet of stasis
Magical devices
 o - a wand of fireball (5)
Scrolls
 b - 3 scrolls of identify
 f - a scroll of amnesia
 g - 7 scrolls of enchant weapon
 i - 6 scrolls of teleportation
 j - 2 scrolls of noise
 m - a scroll of fear {unknown}
 q - a scroll of magic mapping {unknown}
 s - 3 scrolls of remove curse
 t - 2 scrolls of recharging
Potions
 k - a potion of poison
 l - 2 potions of mutation {unknown}
 n - 3 potions of curing
 p - a potion of brilliance
 v - 3 potions of heal wounds {unknown}
 w - a potion of magic {unknown}
Comestibles
 d - 5 bread rations
 u - 5 chunks of flesh


   Skills:
 * Level 7.4(12.4) Fighting
 * Level 6.7(11.7) Axes
 - Level 3.2(8.2) Armour
 * Level 4.6(9.6) Dodging
 - Level 3.2(8.2) Shields


You had 7 spell levels left.
You didn't know any spells.

Dungeon Overview and Level Annotations

Branches:
Dungeon (6/15)             Temple (1/1) D:4

Altars:
Ashenzari
Cheibriados
Elyvilon
Fedhas
Gozag
Kikubaaqudgha
Makhleb
Okawaru
Qazlal
Sif Muna
Trog
Vehumet
Xom
Yredelemnul
Zin
The Shining One


Innate Abilities, Weirdness & Mutations

You are resistant to torment.
You are immune to poison.
Your stone body is very resilient (AC +5).
You resist negative energy.
You are resistant to electric shocks.
You can survive without breathing.
You are immune to petrification.
You are immune to rotting.


Message History

The orc wizard points at you and mumbles some strange words.
You are confused.
You bump into the rock wall.
The orc warrior barely misses you.
You bump into the rock wall.
The orc warrior hits you with a halberd!
The orc wizard hits you but does no damage.
You bump into the rock wall.
The orc warrior hits you with a halberd!
The orc wizard hits you with a dagger.
* * * LOW HITPOINT WARNING * * *
You bump into the rock wall.
The orc warrior hits you with a halberd!
* * * LOW HITPOINT WARNING * * *
The orc wizard points at you and mumbles some strange words.
The magic dart hits you!
Unknown command.
You bump into the rock wall.
The orc wizard barely misses you.
You closely miss the orc warrior.
The orc warrior hits you with a halberd!
You die...

###..###........#!
##.......######.#.#
##...#..........#.#
.#...#.#.########.#
.#...#.#........#.#
.....#.#.######.#.#
..#..#.#........#=#
.....#.#..#######o#
.....#.#........@o#
.#.....#......#####
.....#######.##
...>## #.# #####
#.# #.# #.# ## #.#
.# #.#


You could see an orc warrior and an orc wizard (invisible).

Vanquished Creatures
  Grinder (D:3)
  Menkaure (D:4)
  3 phantoms
  A centaur (D:5)
  2 big kobolds (Sewer)
  2 goliath beetles (D:6)
  A crimson imp (D:5)
  2 hounds
  An iguana (D:4)
  An orc priest (D:5)
  6 orc wizards
  3 worker ants
  Ijyb (D:2)
  Jessica (D:3)
  A hound zombie (D:5)
  A hound skeleton (D:5)
  A worker ant zombie (D:5)
  9 adders
  3 river rats (Sewer)
  2 giant mites
  A shadow imp (D:5)
  10 worms
  An orc skeleton (D:5)
  3 giant geckos
  7 oozes
  12 orcs
  3 ball pythons
  A bat skeleton (D:4)
  8 giant cockroaches
  6 goblins
  7 hobgoblins
  3 quokkas
  7 bats
  A giant gecko zombie (D:5)
  A giant newt (D:3)
  8 jackals
  A jackal skeleton (D:4)
  15 kobolds
  A quokka skeleton (D:5)
  14 rats
153 creatures vanquished.

Notes
Turn   | Place    | Note
--------------------------------------------------------------
     0 | D:1      | Herrn, the Gargoyle Fighter, began the quest for the Orb.
     0 | D:1      | Reached XP level 1. HP: 14/14 MP: 1/1
    93 | D:1      | Reached XP level 2. HP: 14/19 MP: 2/2
   256 | D:1      | Reached skill level 1 in Dodging
   716 | D:2      | Reached XP level 3. HP: 22/24 MP: 3/3
   888 | D:2      | Reached skill level 4 in Fighting
   894 | D:2      | Noticed Ijyb
   906 | D:2      | Killed Ijyb
   906 | D:2      | Reached XP level 4. HP: 26/29 MP: 4/4
  1271 | D:2      | Found a stormy altar of Qazlal.
  1449 | D:3      | Found a stormy altar of Qazlal.
  1512 | D:3      | Reached XP level 5. HP: 21/34 MP: 5/5
  1639 | D:3      | Noticed Jessica
  1643 | D:3      | Killed Jessica
  2227 | D:3      | Reached XP level 6. HP: 40/40 MP: 6/6
  2339 | D:3      | Found a shattered altar of Ashenzari.
  2339 | D:3      | Found a burning altar of Makhleb.
  2339 | D:3      | Noticed Grinder
  2354 | D:3      | Paralysed by Grinder for 4 turns
  2360 | D:3      | Killed Grinder
  2360 | D:3      | Reached skill level 5 in Fighting
  2628 | D:3      | Reached XP level 7. HP: 40/44 MP: 7/7
  3161 | D:4      | Noticed Menkaure
  3174 | D:4      | Killed Menkaure
  3680 | D:4      | Found a staircase to the Ecumenical Temple.
  3698 | D:4      | Reached skill level 6 in Fighting
  3704 | Temple   | Entered the Ecumenical Temple
  3720 | Temple   | Became a worshipper of Warmaster Okawaru
  3941 | D:4      | Reached skill level 5 in Axes
  4094 | D:4      | Reached XP level 8. HP: 51/51 MP: 8/8
  4228 | D:4      | You fall through a shaft for 2 floors!
  4233 | D:5      | Entered Level 5 of the Dungeon
  4429 | D:5      | Found a glowing drain.
  4433 | Sewer    | Entered a sewer
  4853 | Sewer    | Acquired Okawaru's first power
  5344 | D:5      | Reached skill level 7 in Fighting
  6011 | D:5      | Found a deep blue altar of Sif Muna.
  6629 | D:6      | Slain by an orc warrior

Action                   |  1- 3 |  4- 6 |  7- 9 || total
-------------------------+-------+-------+-------++-------
Melee: War axe           |   103 |   206 |   431 ||   740
Invok: Heroism           |       |       |     3 ||     3
  Use: Potion            |       |     3 |     1 ||     4
       Scroll            |       |       |    10 ||    10
  Eat: Chunk             |       |     5 |     9 ||    14
       Royal jelly       |       |     1 |       ||     1
       Pizza             |       |       |     1 ||     1
       Bread ration      |       |       |     1 ||     1
